 Seeded DCSS version 0.30.1-4-g462c640d31 (webtiles) character file.

Game seed: 701750224110604655 (custom seed)

775 CarvArkoylaein the Spear-Bearer (level 7, -4/54 HPs)
             Began as a Merfolk Gladiator on Sept 13, 2023.
             Slain by a killer bee (6 damage)
             ... on level 7 of the Dungeon.
             The game lasted 00:20:57 (3742 turns).

CarvArkoylaein the Spear-Bearer (Merfolk Gladiator) Turns: 3742, Time: 00:20:58

Health: -4/54      AC: 17    Str: 14    XL:     7   Next: 84%
Magic:  7/7        EV:  0    Int:  7    God:
Gold:   294        SH:  0    Dex: 18    Spells: 6/6 levels left

rFire   . . .        m - +9 bardiche of Wu Jian, Growing {freeze, rN+ SInv}
rCold   . . .        (shield currently unavailable)
rNeg    + + .        d - +1 crystal plate armour
rPois   .            c - +0 helmet
rElec   .            (no cloak)
rCorr   .            (no gloves)
SInv    +            (no boots)
Will    .....        (no amulet) Stlth
                     f - ring of positive energy
HPRegen 0.29/turn    (no ring)
MPRegen 0.10/turn

%: no passive effects
@: about to teleport, slowed, very slow
A: (nimble swimmer 2), mertail, sense surroundings 1, wild magic 1
a: no special abilities


You were on level 7 of the Dungeon.
You visited 1 branch of the dungeon, and saw 6 of its levels.
You also visited: Sewer.

You collected 294 gold pieces.

Inventory:

Hand Weapons
 a - a +0 vampiric trident
 j - the +1 war axe of Weak Prudence {flame, rPois Int-3 Dex+2 Stlth+}
   (You found it on level 3 of the Dungeon)

   Int:       It affects your intelligence (-3).
   Dex:       It affects your dexterity (+2).
   rPois:     It protects you from poison.
   Stlth:     It makes you more stealthy.
 m - the +9 bardiche of Wu Jian, Growing (weapon) {freeze, rN+ SInv}
   (You found it on level 2 of the Dungeon)

   rN:        It protects you from negative energy.
   SInv:      It lets you see invisible.
 p - a +4 quarterstaff of chaos
Armour
 b - a +0 leather armour
 c - a +0 helmet (worn)
 d - a +1 crystal plate armour (worn)
 i - a +1 scale mail of cold resistance
 n - an orb of guile
Jewellery
 f - a ring of positive energy (left hand)
Wands
 o - a wand of digging (8)
Scrolls
 k - 2 scrolls of teleportation
Potions
 g - 4 potions of flight
 l - a potion of brilliance


   Skills:
 + Level 4.1 Fighting
 + Level 9.5 Polearms
 + Level 2.3 Throwing
 + Level 1.7 Armour
 + Level 5.0 Dodging
 + Level 1.6 Stealth


You had 6 spell levels left.
You didn't know any spells.
Your spell library contained the following spells:

 Spells                   Type           Power      Damage    Failure   Level
 Blink                    Tloc           0%         N/A       100%        2
 Lesser Beckoning         Tloc           0%         N/A       100%        2
 Momentum Strike          Conj/Tloc      0%         3d8       100%        2
 Gell's Gravitas          Tloc           0%         N/A       100%        3
 Teleport Other           Tloc           0%         N/A       100%        3


Dungeon Overview and Level Annotations

Branches:
Dungeon (7/15)              Sewer (visited)
 Temple: D:4-7

Altars:
Hepliaklqana

Shops:
D:1 =


Innate Abilities, Weirdness & Mutations

((You are very nimble when in or above water. (Stealth+, EV+, Speed+++)))
Your lower body shifts to a powerful aquatic tail in water.
You passively map a small area around you.
Your spells are a little harder to cast, but a little more powerful.


Message History

The kobold brigand hits you but does no damage.
You slash the kobold! You freeze the kobold.
You kill the kobold!
You feel very sick.
The kobold brigand hits you but does no damage.
The white imp hits you but does no damage.
The kobold brigand hits you with a +0 dagger of holy wrath.
You closely miss the kobold brigand.
You feel very sick.
The white imp hits you but does no damage.
The kobold brigand hits you but does no damage.
The white imp hits you. The white imp freezes you.
The kobold brigand hits you with a +0 dagger of holy wrath.
The orc hits you but does no damage. x2
The white imp hits you but does no damage.
The orc hits you with a +0 hand axe.
The kobold brigand hits you with a +0 dagger of holy wrath.
* * * LOW HITPOINT WARNING * * *
The orc attacks as you move away! The orc hits you but does no damage.
The white imp attacks as you move away!
The white imp hits you but does no damage.
You feel sick. The orc hits you with a +0 hand axe.
* * * LOW HITPOINT WARNING * * *
As you read the scroll of teleportation, it crumbles to dust.
You feel strangely unstable.
You feel sick.
You are no longer poisoned.
The orc completely misses you. The orc hits you with a +0 hand axe.
* * * LOW HITPOINT WARNING * * *
The orc hits you but does no damage. x2
The orc attacks as you move away! The orc hits you but does no damage.
The orc attacks as you move away! The orc hits you but does no damage.
Your surroundings suddenly seem different. 4 killer bees, 2 orc priests and an orc come into view.
Found a black potion and a potion of curing.
The killer bee buzzes angrily. x4; The orc priest shouts!
The killer bee stings you!
* * * LOW HITPOINT WARNING * * *
As you read the scroll of teleportation, it crumbles to dust.
You feel strangely unstable. The killer bee stings you.
You die...

, * , ,
..............
,,
......!......
#...!..o.o...
* ,
,#............
+
#.......o....
,, ,
..........#*
#.y.y...# ,
,#.@yy..#
###.......*
*...##.. ,
,....# * , *
*##### * * *


You could see 4 killer bees, 2 orc priests and an orc.

Vanquished Creatures
  Grinder (D:4)
  2 ogres (D:4)
  A hound (D:5)
  Crazy Yiuf (D:4)
  A jelly (D:4)
  An iguana (D:5)
  A sleepcap (D:5)
  An orc wizard (D:3)
  A sickly merfolk siren (Sewer)
  A malarious merfolk avatar (Sewer)
  6 adders
  A river rat (Sewer)
  4 worms
  3 dart slugs
  11 orcs
  6 ball pythons
  6 endoplasms
  2 giant cockroaches (Sewer)
  5 goblins
  8 hobgoblins
  7 jackals (D:4)
  5 quokkas
  8 bats
  4 frilled lizards
  15 kobolds
  25 rats
127 creatures vanquished.

Notes
Turn   | Place    | Note
-------+----------+-------------------------------------------
     0 | D:1      | CarvArkoylaein the Merfolk Gladiator began the quest for
                  | the Orb.
     0 | D:1      | Reached XP level 1. HP: 16/16 MP: 1/1
    56 | D:1      | Found Dumaxi's Jewellery Emporium.
   112 | D:1      | Reached XP level 2. HP: 23/23 MP: 2/2
   691 | D:1      | Reached XP level 3. HP: 28/28 MP: 3/3
   911 | D:2      | Reached skill level 5 in Polearms
   958 | D:2      | Reached XP level 4. HP: 30/34 MP: 4/4
  1513 | D:2      | Identified the +9 bardiche of Wu Jian, Growing {freeze, rN+
                  | SInv}
  1722 | D:3      | Found a glowing drain.
  1727 | D:3      | Reached skill level 6 in Polearms
  1732 | D:3      | Reached XP level 5. HP: 41/41 MP: 5/5
  1742 | Sewer    | Entered a sewer
  2328 | D:3      | Identified the +1 war axe of Weak Prudence {flame, rPois
                  | Int-3 Dex+2 Stlth+}
  2560 | D:4      | Reached skill level 7 in Polearms
  2600 | D:4      | Reached XP level 6. HP: 47/47 MP: 6/6
  2681 | D:4      | Found a runed translucent door.
  2682 | D:4      | Noticed Crazy Yiuf
  2693 | D:4      | Killed Crazy Yiuf
  2877 | D:4      | Reached skill level 1 in Armour
  2877 | D:4      | Reached skill level 5 in Dodging
  2913 | D:4      | Noticed Grinder
  2939 | D:4      | Killed Grinder
  2940 | D:4      | Reached skill level 8 in Polearms
  2940 | D:4      | Reached skill level 1 in Stealth
  2940 | D:4      | Reached XP level 7. HP: 35/53 MP: 7/7
  2945 | D:4      | Gained mutation: Your spells are a little harder to cast,
                  | but a little more powerful. [potion of mutation]
  2945 | D:4      | Gained mutation: You passively map a small area around you.
                  | [potion of mutation]
  2953 | D:4      | Reached skill level 9 in Polearms
  3236 | D:4      | Identified the +5 short sword "Qiynaa" {flame, Str+4 SInv}
  3300 | D:4      | Found a hazy altar of Hepliaklqana.
  3582 | D:5      | Entered Level 5 of the Dungeon
  3724 | D:5      | You fall into a shaft and drop 2 floors!
  3741 | D:7      | HP: 1/54 [killer bee (7)]
  3742 | D:7      | Slain by a killer bee

Illustrated notes

Levels and vault maps discovered:
D:1:      dpeg_arrival_orchard, layout_loops_ring, serial_shops, shop
D:2:      layout_loops_cross
D:3:      layout_basic, portal_sewer_entry_b, kennysheep_nub,
          serial_bayou_pond_d
D:4:      layout_loops_cross, mainiacjoe_overflow_brackets, uniq_grinder,
          uniq_crazy_yiuf_cottage
D:5:      lemuel_castle_with_subvaults [lemuel_castle_interior_carwin_2],
          layout_gridville, vehumet_crystals, lemuel_doored_altar,
          gammafunk_temple_overflow_forgotten, kennysheep_small_square
D:7:      layout_rooms, minmay_liquid_box, hellmonk_guarded_unrand_lears

Skill      XL: |  1  2  3  4  5  6  7 |
---------------+----------------------+-----
Polearms       | 5 6 7 8 9 |  9.5
Fighting       | 3 4 |  4.1
Armour         | 1 |  1.7
Dodging        | 5 |  5.0
Stealth        | 1 |  1.6
Throwing       | |  2.3

Action                     |  1- 3 |  4- 6 |  7- 9 || total
---------------------------+-------+-------+-------++-------
  Melee: Trident           |    71 |    25 |       ||    96
         Bardiche          |       |   138 |    53 ||   191
         Tailslap          |       |     4 |       ||     4
  Throw: Throwing net      |       |     7 |     1 ||     8
         Javelin           |       |     2 |     1 ||     3
    Use: Scroll            |     4 |     4 |     4 ||    12
         Potion            |     4 |     2 |     3 ||     9
   Stab: Held in net/web   |       |     3 |       ||     3
 Armour: Leather armour    |    12 |       |       ||    12
         Scale mail        |    26 |    52 |     8 ||    86
         Crystal plate arm |       |       |    61 ||    61
  Dodge: Dodged            |    36 |    76 |    14 ||   126
